 Dungeon Crawl Stone Soup version 0.30.1-11-g7821555f0a (webtiles) character file.

Game seed: 5674195636078442869

102592 pkoi the Brawler (level 15, -13/132 HPs)
             Began as a Yellow Draconian Monk on Oct 31, 2023.
             Was an Initiate of Gozag.
             Mangled by a sun demon (19 damage)
             ... summoned by an orc high priest
             ... on level 2 of the Orcish Mines.
             The game lasted 00:58:09 (38359 turns).

pkoi the Brawler (Yellow Draconian Monk)           Turns: 38359, Time: 00:58:10

Health: -13/132    AC: 11    Str: 14    XL:     15   Next: 86%
Magic:  26/26      EV: 17    Int: 18    God:    Gozag
Gold:   4714       SH:  0    Dex: 15    Spells: 13/28 levels left

rFire   . .          .
                       - Unarmed
rCold   + . .        b - orb {light}
rNeg    . . .        (body armour unavailable)
rPois   +            e - melded +2 hat {Will+}
rElec   .            f - +0 cloak
rCorr   +            w - +0 pair of gloves {Stlth+}
SInv    .            R - melded +0 pair of boots
Will    +....        d - amulet of the acrobat
Stlth   ++           c - ring "Pehoamytz" {rPois Dex+2 Slay+6}
HPRegen 0.42/turn    Q - ring of protection from cold
MPRegen 0.20/turn

%: acrobat
@: appendages, wereblooded, gold aura, glowing
A: horns 2, talons 2, spit acid, AC +9, unfitting armour, acidic bite,
cold-blooded, acid resistance
a: Breathe Acid, End Transformation, Renounce Religion, Potion Petition, Call
Merchant, Bribe Branch


You were on level 2 of the Orcish Mines.
You worshipped Gozag.
Gozag was most pleased with you.
You had temporarily grown beastly horns and talons.
You visited 4 branches of the dungeon, and saw 23 of its levels.
You also visited: Sewer and Ice Cave.

You collected 8225 gold pieces.
You spent 738 gold pieces at shops.
You paid 2773 gold pieces to Gozag.

Inventory:

Missiles
 l - 38 poisoned darts
 B - 2 throwing nets
Armour
 b - an orb of light (worn)
 e - a +2 hat of willpower (melded)
 f - a +0 cloak (worn)
 w - a +0 pair of gloves of stealth (worn)
 R - a +0 pair of boots (melded)
Jewellery
 c - the ring "Pehoamytz" (left hand) {rPois Dex+2 Slay+6}
   (You acquired it on level 3 of the Dungeon)

   [ring of poison resistance]

   Dex:       It affects your dexterity (+2).
   Slay:      It affects your accuracy & damage with ranged weapons and melee
   (+6).
   rPois:     It protects you from poison.
 d - an amulet of the acrobat (around neck)
 q - a ring of willpower
 s - a ring of fire
 z - the ring "Zaon" {+Blink Fly Will+ Int+4}
   (You found it on level 6 of the Dungeon)

   [ring of flight]

   Int:       It affects your intelligence (+4).
   Fly:       It grants you flight.
   +Blink:    It lets you blink.
   Will:      It increases your willpower.
 H - a ring of flight
 P - an amulet of regeneration
 Q - a ring of protection from cold (right hand)
 S - a ring of see invisible
 U - a ring of protection from fire
Wands
 p - a wand of iceblast (23)
 A - a wand of light (29)
 F - a wand of charming (24)
 G - a wand of digging (6)
 I - a wand of polymorph (11)
 K - a wand of mindburst (19)
 O - a wand of flame (9)
Scrolls
 i - 2 scrolls of identify
 m - a scroll of magic mapping
 o - 11 scrolls of teleportation
 r - 4 scrolls of enchant armour
 u - 3 scrolls of enchant weapon
 y - 5 scrolls of vulnerability
 C - 4 scrolls of amnesia
 D - a scroll of brand weapon
 E - 3 scrolls of fear
 M - a scroll of poison
 V - a scroll of fog
Potions
 a - 11 potions of ambrosia
 g - 4 potions of flight
 j - 7 potions of attraction
 k - 5 potions of brilliance
 n - 13 potions of curing
 t - 9 potions of heal wounds
 x - 4 potions of might
 J - a potion of magic
 L - 5 potions of haste
 N - a potion of berserk rage
 T - 3 potions of resistance


   Skills:
 + Level 11.6 Fighting
 + Level 11.0 Dodging
 - Level 6.0 Stealth
 - Level 18.2 Unarmed Combat
 + Level 7.4 Spellcasting
 - Level 10.6 Translocations
 + Level 9.0 Transmutations


You had 13 spell levels left.
You knew the following spells:

 Your Spells              Type           Power      Damage    Failure   Level
a - Apportation           Tloc           90%        N/A       1%          1
b - Blink                 Tloc           90%        N/A       1%          2
c - Beastly Appendage     Tmut           78%        N/A       1%          1
d - Wereblood             Tmut           39%        N/A       1%          2
e - Manifold Assault      Tloc           45%        N/A       1%          4
f - Blade Hands           Tmut           19%        N/A       7%          5

Your spell library contained the following spells:

 Spells                   Type           Power      Damage    Failure   Level
 Volatile Blastmotes      Fire/Tloc      50%        2d14      3%          3
 Spider Form              Tmut/Pois      22%        N/A       4%          3
 Kiss of Death            Conj/Necr      24%        2d7       11%         1
 Slow                     Hex            24%        N/A       11%         1
 Summon Small Mammal      Summ           24%        N/A       11%         1
 Iskenderun's Mystic Bla  Conj/Tloc      25%        2d7       12%         4
 Cigotuvi's Dreadful Rot  Necr/Pois/Air  12%        N/A       16%         2
 Call Canine Familiar     Summ           6%         N/A       30%         3
 Confusing Touch          Hex            6%         N/A       30%         3
 Dazzling Flash           Conj/Hex       12%        N/A       30%         3
 Ozocubu's Armour         Ice            6%         N/A       30%         3
 Summon Guardian Golem    Hex/Summ       6%         N/A       30%         3
 Vampiric Draining        Necr           6%         2d6       30%         3
 Alistair's Intoxication  Tmut/Pois      14%        N/A       41%         5
 Dispel Undead            Necr           6%         3d8       71%         4
 Metabolic Englaciation   Hex/Ice        3%         N/A       96%         5
 Death Channel            Necr           3%         N/A       100%        6
 Starburst                Conj/Fire      3%         6d3       100%        6
 Storm Form               Tmut/Air       11%        N/A       100%        7
 Simulacrum               Ice/Necr       Unusable   N/A       N/A         6

Dungeon Overview and Level Annotations

Branches:
Dungeon (15/15)            Temple (1/1) D:7            Lair (5/5) D:9
  Swamp (0/4) Lair:3       Spider (0/4) Lair:2        Slime (0/5) Lair:4
    Orc (2/2) D:12            Elf (0/3) Orc:2        Vaults (0/5) D:14
 Depths (0/4) D:15          Sewer (visited)           IceCv (visited)

Altars:
Ashenzari
Cheibriados
Dithmenos
Elyvilon
Fedhas
Gozag
Hepliaklqana
Kikubaaqudgha
Makhleb
Nemelex Xobeh
Okawaru
Qazlal
Ru
Sif Muna
Trog
Uskayaw
Vehumet
Wu Jian
Xom
Yredelemnul
Zin
The Shining One

Shops:
D:10 [!=(   D:11 =   D:15 *   Orc:2 *!   Lair:1 ?   Lair:3 *

Annotations:
Lair:5 exclusion: obsidian statue


Innate Abilities, Weirdness & Mutations

You have temporarily grown beastly horns and talons.
You can spit globs of acid.
Your golden yellow scales are hard. (AC +9)
You cannot fit into any form of body armour.
You have acidic saliva.
You are cold-blooded and may be slowed by cold attacks.
You are resistant to acid. (rCorr)


Message History

* * * LOW HITPOINT WARNING * * *
The hellwing completely misses you. The hellwing closely misses you.
Unknown command.
You pummel the orc knight!!
You claw the orc knight, but do no damage.
You tail-slap the orc knight!
The orc knight is almost dead.
You howl as the wereblood boils in your veins!
Unknown command.
You hit the orc knight. You claw the orc knight. You headbutt the orc knight.
You feel a bit better.
You kill the orc knight!
The sun demon hits you.
* * * LOW HITPOINT WARNING * * *
You are engulfed in flames!!
* * * LOW HITPOINT WARNING * * *
The hellwing barely misses you. The hellwing hits you.
* * * LOW HITPOINT WARNING * * *
The orc sorcerer casts a spell.
A demonspawn comes into view.
The orc high priest utters an invocation to Beogh. x2
Your Dodging skill increases to level 11!
Your Transmutations skill increases to level 9!
Unknown command.
An orc warrior comes into view. It is wielding a +0 battleaxe.
The orc warrior shouts!
The hellwing disappears in a puff of smoke!
The sun demon barely misses you. The sun demon completely misses you.
The orc warrior unwields a +0 battleaxe.
The orc warrior wields a +0 arbalest.
The orc warrior shoots a bolt.
The bolt completely misses you. The orc high priest barely misses you.
Items here: $ )) [.
You pummel the orc high priest!!
The orc high priest is heavily wounded.
The orc warrior no longer looks unusually strong.
The sun demon hits you!
* * * LOW HITPOINT WARNING * * *
You are engulfed in flames!!
You die...
Your body crumbles into a pile of gold.

..)..# ##### #### # ..#.## #
...## ...## #### #...# *## ##.#.
...## ##.## #.... ....### ##...##
##... ....#.## ##..3..#* ##...
#......# ##.#@..#.## #....
......## ##...3o....#* ##...
..#....## ##..$#o#4#...#* ###.
........###.$$##3..#*..o** ##..
.....#.###.$$##.o#.o#*,.,** #...
.....####..$##,.###44#*,,,## ##..
..#..###.#.##,,#*∩*#..#*,#.## ##.
....###...##,,**,,,*#6.*#...###).
.....###.#.##,,*∩,∩*,.##.#.###...


You could see a demonspawn, 3 orc high priests, 2 sun demons, an orange demon
(summoned), a rust devil (summoned), a sixfirhy (summoned), an orc sorcerer, a
red devil (summoned) and an orc warrior.

Vanquished Creatures
  Kirke (Lair:4)
  Gastronok (Lair:1)
  A frost giant (D:15)
  A white draconian (IceCv)
  A great orb of eyes (D:14)
  A vault guard (D:14)
  2 hydras
  An ogre mage (D:15)
  A catoblepas (Lair:3)
  6 centaur warriors
  7 two-headed ogres
  A demonspawn (Orc:2)
  2 tengu warriors (D:15)
  4 boulder beetles
  4 orc high priests (Orc:2)
  7 death yaks
  2 spectral dire elephants (Lair:5)
  4 spectral death yaks (Lair:5)
  Urug (Lair:4)
  5 skeletal warriors (D:12)
  A deep troll (D:14)
  3 bog bodies (Lair:3)
  A lindwurm (Lair:4)
  2 orc knights (Orc:2)
  2 deep elf pyromancers
  2 necromancers (Lair:5)
  6 ugly things
  3 orc sorcerers (Orc:2)
  5 cyclopes
  3 manticores
  An oklob plant (Orc:1)
  20 elephants
  A dire elephant zombie (Lair:5)
  5 black mambas
  A smoke demon (Orc:2)
  2 ice statues (IceCv)
  An orange demon (Orc:2)
  2 gargoyles
  20 cane toads
  A torpor snail (Lair:4)
  11 rime drakes
  A yaktaur (D:14)
  3 unseen horrors
  A tengu conjurer (D:14)
  8 komodo dragons
  An ice devil (Orc:2)
  8 meliai (Lair:4)
  An efreet (D:15)
  6 trolls
  2 queen bees
  A hellwing (Orc:2)
  A wind drake (shapeshifter) (D:15)
  12 blink frogs
  3 spectral elephants (Lair:5)
  A polar bear (shapeshifter) (D:13)
  A polar bear (Lair:2)
  4 dream sheep (Lair:5)
  6 slime creatures
  8 wyverns
  Sigmund (D:2)
  A centaur simulacrum (D:14)
  2 shadows
  4 water elementals (D:14)
  2 wraiths
  61 yaks
  4 basilisks
  3 hogs (Lair:5)
  A vampire (D:14)
  A fire elemental (D:14)
  A hog (shapeshifter) (D:15)
  2 vampire mosquitoes (D:15)
  A steam dragon (D:8)
  A swamp worm (Lair:3)
  A warg (Orc:1)
  Menkaure (D:7)
  A spectral cane toad (Lair:5)
  5 acid dragons
  10 water moccasins
  2 elephant zombies (Lair:5)
  32 orc warriors
  2 black bears
  3 ogres
  6 wolves
  3 centaurs
  2 elephant skeletons (Lair:5)
  A phantom (D:7)
  3 kobold brigands
  10 bullfrogs
  2 cane toad simulacra (Lair:5)
  4 scorpions
  7 wights
  A lindwurm simulacrum (IceCv)
  72 killer bees
  6 electric eels
  5 howler monkeys
  2 lava snakes (D:14)
  10 komodo dragon simulacra (IceCv)
  2 hounds
  A jelly (D:5)
  26 orc priests
  23 orc wizards
  14 hell rats
  4 gnolls
  4 acid dragon simulacra (IceCv)
  7 adders
  12 river rats
  3 white imps
  6 steam dragon simulacra (IceCv)
  A worm (D:3)
  2 dart slugs
  87 orcs
  18 ball pythons
  A bat zombie (D:8)
  15 endoplasms
  8 giant cockroaches
  6 goblins
  8 hobgoblins
  2 jackals (D:1)
  17 kobolds
  11 quokkas
  5 bats
  7 frilled lizards
  7 rats
  2 rat zombies (D:8)
789 creatures vanquished.

Vanquished Creatures (others)
  A dream sheep (Lair:5)
  A yak (Lair:3)
  A human (Lair:5)
3 creatures vanquished.

Grand Total: 792 creatures vanquished

Notes
Turn   | Place    | Note
-------+----------+-------------------------------------------
     0 | D:1      | pkoi the Draconian Monk began the quest for the Orb.
     0 | D:1      | Reached XP level 1. HP: 19/19 MP: 1/1
   206 | D:1      | Found a faded altar of an unknown god.
   241 | D:1      | Reached XP level 2. HP: 20/26 MP: 2/2
   758 | D:1      | Reached skill level 4 in Unarmed Combat
   947 | D:1      | Reached XP level 3. HP: 31/31 MP: 3/3
  1045 | D:2      | Noticed Sigmund
  1364 | D:2      | Identified the +0 sling "Agaodgh" {heavy, *Corrode rPois
                  | SInv}
  1455 | D:2      | Identified the +1 leather armour of the Hanged Man {*Slow
                  | rN++}
  1641 | D:2      | Learned a level 1 spell: Apportation
  1959 | D:3      | Identified a scroll of acquirement
  1959 | D:3      | Acquired the ring "Pehoamytz" {rPois Dex+2 Slay+6}
  2133 | D:2      | Reached XP level 4. HP: 29/38 MP: 4/4
  2149 | D:3      | Reached skill level 5 in Unarmed Combat
  2374 | D:3      | Found a stormy altar of Qazlal.
  2961 | D:4      | Found a glowing silver altar of Zin.
  3024 | D:4      | Found a glowing drain.
  3035 | Sewer    | Entered a sewer
  3093 | Sewer    | Reached XP level 5. HP: 45/45 MP: 5/5
  3242 | Sewer    | Reached XP level 6. HP: 38/52 MP: 6/6
  3492 | D:4      | Learned a level 2 spell: Blink
  4089 | D:5      | Entered Level 5 of the Dungeon
  4155 | D:5      | Found a radiant altar of Vehumet.
  4191 | D:5      | Reached skill level 6 in Unarmed Combat
  4228 | D:5      | Reached skill level 1 in Spellcasting
  4228 | D:5      | Reached skill level 1 in Translocations
  4293 | D:5      | Your scales start taking on a golden yellow colour.
  4293 | D:5      | Reached XP level 7. HP: 57/60 MP: 8/8
  4293 | D:5      | Gained mutation: You are resistant to acid. (rCorr) [Yellow
                  | Draconian growth]
  4305 | D:5      | Learned a level 1 spell: Beastly Appendage
  4308 | D:5      | Learned a level 2 spell: Wereblood
  4593 | D:5      | Reached skill level 5 in Fighting
  4593 | D:5      | Reached skill level 1 in Transmutations
  5190 | D:6      | Noticed a yak
  5206 | D:6      | Killed a yak
  5207 | D:6      | Reached XP level 8. HP: 60/69 MP: 11/11
  5353 | D:6      | Identified the ring "Zaon" {+Blink Fly Will+ Int+4}
  5432 | D:6      | Found a hide-covered altar of Uskayaw.
  5631 | D:6      | Reached skill level 5 in Dodging
  5631 | D:6      | Reached skill level 7 in Unarmed Combat
  5900 | D:7      | Reached skill level 1 in Stealth
  5998 | D:7      | Found a broken altar of Ashenzari.
  6045 | D:7      | Reached XP level 9. HP: 75/75 MP: 13/13
  6336 | D:7      | Found a staircase to the Ecumenical Temple.
  6462 | D:7      | Noticed Menkaure
  6469 | D:7      | Killed Menkaure
  6708 | Temple   | Entered the Ecumenical Temple
  6869 | Temple   | Became a worshipper of Gozag Ym Sagoz the Greedy
  7211 | D:8      | Reached skill level 8 in Unarmed Combat
  7627 | D:8      | Reached skill level 5 in Transmutations
  7915 | D:8      | Found an ancient bone altar of Kikubaaqudgha.
  8018 | D:9      | Noticed a troll
  8023 | D:9      | Killed a troll
  8521 | D:9      | Learned a level 4 spell: Manifold Assault
  8537 | D:9      | Found a hazy altar of Hepliaklqana.
  8538 | D:9      | Found a shadowy altar of Dithmenos.
  8904 | D:8      | Reached XP level 10. HP: 76/82 MP: 10/14
  8906 | D:8      | Reached skill level 5 in Stealth
  9006 | D:9      | Reached skill level 9 in Unarmed Combat
  9034 | D:9      | Noticed an elephant
  9056 | D:9      | Killed an elephant
  9147 | D:9      | Reached skill level 5 in Translocations
  9255 | D:9      | Found a staircase to the Lair.
  9378 | D:9      | Reached skill level 10 in Unarmed Combat
  9874 | D:10     | Entered Level 10 of the Dungeon
  9987 | D:10     | Found Degroh's Weapon Emporium.
  9994 | D:10     | Found Kifuanef's Jewellery Shoppe.
 10008 | D:10     | Found Motrien's General Store.
 10039 | D:10     | Found Itsengu's Distillery.
 10047 | D:10     | Bought a potion of attraction for 36 gold pieces
 10047 | D:10     | Bought a potion of might for 48 gold pieces
 10047 | D:10     | Bought a potion of heal wounds for 60 gold pieces
 10394 | D:10     | Found Mireac's Antique Armour Shoppe.
 10416 | D:10     | Found an ornate altar of the Wu Jian Council.
 10467 | D:10     | Reached XP level 11. HP: 87/89 MP: 15/15
 10732 | D:11     | Noticed a two-headed ogre
 11031 | D:11     | Noticed a two-headed ogre
 11038 | D:11     | Killed a two-headed ogre
 11039 | D:11     | Reached skill level 11 in Unarmed Combat
 11057 | D:11     | Found Boyt Zed's Jewellery Boutique.
 11675 | D:11     | Killed a two-headed ogre
 11892 | D:11     | Noticed a two-headed ogre
 11900 | D:11     | Killed a two-headed ogre
 12702 | D:12     | Reached skill level 12 in Unarmed Combat
 12777 | D:12     | Noticed a brown ugly thing
 13320 | D:6      | Found a hide-covered altar of Uskayaw.
 13694 | D:2      | Killed Sigmund
 13874 | Lair:1   | Entered Level 1 of the Lair of Beasts
 14671 | Lair:1   | Noticed Gastronok
 14691 | Lair:1   | Killed Gastronok
 14692 | Lair:1   | Reached XP level 12. HP: 42/97 MP: 15/17
 15075 | Lair:1   | Noticed a death yak
 15076 | Lair:1   | Noticed a death yak
 15076 | Lair:1   | Noticed a death yak
 15148 | D:9      | Killed a death yak
 15298 | D:9      | Killed a death yak
 15599 | Lair:1   | Noticed a death yak
 15599 | Lair:1   | Noticed a death yak
 15600 | Lair:1   | Noticed a death yak
 15661 | Lair:1   | Killed a death yak
 15868 | Lair:1   | Killed a death yak
 15885 | D:9      | Killed a death yak
 15980 | Lair:1   | Killed a death yak
 16416 | Lair:2   | Reached skill level 13 in Unarmed Combat
 16587 | Lair:2   | Reached skill level 5 in Spellcasting
 16587 | Lair:2   | Reached skill level 10 in Translocations
 17295 | Lair:2   | Found a hole to the Spider Nest.
 18733 | Lair:3   | Bought a potion of haste for 120 gold pieces
 18733 | Lair:3   | Bought a scroll of fear for 48 gold pieces
 18760 | Lair:3   | Noticed a catoblepas
 18787 | Lair:3   | Killed a catoblepas
 18788 | Lair:3   | Reached XP level 13. HP: 64/108 MP: 5/21
 19697 | Lair:3   | Found a staircase to the Swamp.
 21041 | Lair:4   | Noticed Urug
 21054 | Lair:4   | Killed Urug
 21413 | Lair:4   | Reached skill level 14 in Unarmed Combat
 21679 | Lair:4   | Found a staircase to the Slime Pits.
 22207 | Lair:4   | Identified the +2 falchion "Wydollocs" {antimagic, rCorr
                  | Int+3}
 22284 | Lair:4   | Reached skill level 15 in Unarmed Combat
 22656 | Lair:5   | Entered Level 5 of the Lair of Beasts
 22690 | Lair:5   | Gained mutation: You have acidic saliva. [Yellow Draconian
                  | growth]
 22690 | Lair:5   | Reached XP level 14. HP: 112/118 MP: 4/24
 22961 | Lair:5   | Noticed Kirke
 23264 | Lair:4   | Killed Kirke
 23313 | Lair:5   | Got the Papyrus of the World
 23460 | Lair:5   | Reached skill level 16 in Unarmed Combat
 25321 | Lair:5   | Reached skill level 17 in Unarmed Combat
 26859 | D:12     | Reached skill level 18 in Unarmed Combat
 27398 | D:11     | Learned a level 5 spell: Blade Hands
 27713 | D:12     | Found a staircase to the Orcish Mines.
 28238 | Orc:1    | Entered Level 1 of the Orcish Mines
 29743 | D:14     | Found a blossoming altar of Fedhas.
 30584 | D:14     | Reached XP level 15. HP: 125/125 MP: 8/25
 32003 | D:14     | Reached skill level 10 in Fighting
 32178 | D:14     | Found a gate to the Vaults.
 32302 | D:15     | Entered Level 15 of the Dungeon
 32835 | D:15     | Reached skill level 10 in Dodging
 34319 | D:15     | Bought a scroll of identify for 36 gold pieces
 34343 | D:15     | Found a staircase to the Depths.
 34343 | D:15     | Noticed a frost giant
 34487 | D:15     | Killed a frost giant
 34982 | Orc:2    | Entered Level 2 of the Orcish Mines
 35250 | Orc:2    | Found a frozen archway.
 35258 | IceCv    | Entered an ice cave
 36738 | Orc:2    | Found a staircase to the Elven Halls.
 37296 | Orc:2    | Found Kyzank's Distillery.
 37299 | Orc:2    | Found Vygrodim's General Store.
 37629 | Orc:2    | Bought a potion of haste for 160 gold pieces
 37629 | Orc:2    | Bought a potion of haste for 160 gold pieces
 37631 | Orc:2    | Bought a potion of heal wounds for 70 gold pieces
 37720 | Orc:2    | Paralysed by an orc sorcerer for 3 turns
 37727 | Orc:2    | HP: 6/127 [demonspawn (9)]
 38359 | Orc:2    | HP: 6/132 [sun demon[an orc high priest] (12)]
 38359 | Orc:2    | Mangled by a sun demon

Illustrated notes

Levels and vault maps discovered:
D:1:      minmay_arrival_nine_rooms, layout_basic,
          hellmonk_ecumenical_altar_run_dry
D:2:      layout_basic, minmay_misc_feat_room, uniq_sigmund
D:3:      layout_loops_ring, marbit_many_paths
D:4:      layout_loops_corners, zin_treasury, portal_sewer_entry_b
D:5:      layout_loops_cross, nicolae_vehumet_radiance
D:6:      layout_loops_ring, eat_drink_and_be_merry_uskayaw,
          kennysheep_cross_room
D:7:      nicolae_BIG_FREAKIN_CUBE, layout_rooms, evilmike_ruin_ashenzari,
          temple_hall, uniq_menkaure
D:8:      layout_rooms, lemuel_zombie_altar_kikubaaqudgha
D:9:      layout_cave_pods, riverfiend_overflow_shadow_ancestor,
          david_lair_generic, st_stairs_1
D:10:     layout_long_grid, nzn_wu_jian_contemplation, serial_shops, shop, shop,
          nicolae_shop_tiny_waterfront, nicolae_shop_waterfront,
          nicolae_shop_crystal
D:11:     layout_roguey [special_room_bee], serial_shops,
          nicolae_shop_getting_attention
D:12:     layout_cave_pools, orc_0_dummy
D:13:     layout_gridville
D:14:     layout_basic, david_vaults_5, fedhas_altar_fruit_tree
D:15:     grunt_enter_depths_snipers, layout_rooms, st_stairs_8
Temple:   hellmonk_temple_forest_ring
Lair:1:   layout_concentric_octagons, serial_bayou_shore_a, uniq_gastronok
Lair:2:   layout_roguey, dummy_spider_entry, kennysheep_rathole,
          grunt_megastairs_1
Lair:3:   layout_roguey, nicolae_swamp_entry_splash_gauntlet,
          hangedman_lair_unloving_vines, cheibrodos_lair_reptile_den
Lair:4:   regret_index_combs_of_tragedy, layout_misc_corridors, slime_entry_1,
          uniq_urug
Lair:5:   due_jungle_book, layout_cave_pods, serial_bayou_pond_d, uniq_kirke
Orc:1:    layout_diamond_mine, mines3_lemuel
Orc:2:    pf_orc_diabolical, layout_diamond_mine, portal_ice_cave_rime,
          mines2_david

Skill      XL: |  1  2  3  4  5  6  7  8  9 10 11 12 13 14 15 |
---------------+----------------------------------------------+-----
Unarmed Combat | 4 5 6 7 8 10 12 13 15 18 | 18.2
Dodging        | 3 4 5 6 8 9 11 | 11.0
Fighting       | 4 5 6 8 9 11 | 11.6
Spellcasting   | 1 2 3 5 7 |  7.4
Translocations | 1 2 3 6 9 10 | 10.6
Transmutations | 2 3 5 6 9 |  9.0
Stealth        | 2 4 6 |  6.0

Action                     |  1- 3 |  4- 6 |  7- 9 | 10-12 | 13-15 || total
---------------------------+-------+-------+-------+-------+-------++-------
  Melee: Unarmed           |    87 |   174 |   215 |   532 |  1227 ||  2235
         Tailslap          |    10 |    14 |    28 |   102 |   190 ||   344
         Kick              |       |       |    39 |   103 |   285 ||   427
         Headbutt          |       |       |    15 |    56 |   165 ||   236
         Bite              |       |       |       |       |   109 ||   109
  Throw: Dart              |       |       |       |     6 |       ||     6
   Cast: Beastly Appendage |       |       |    14 |    24 |    43 ||    81
         Wereblood         |       |       |    13 |    18 |    41 ||    72
         Blink             |       |       |     1 |       |       ||     1
         Manifold Assault  |       |       |       |    48 |   227 ||   275
 Invoke: Call Merchant     |       |       |       |     2 |     1 ||     3
Ability: Breathe Acid      |       |       |     2 |    12 |     5 ||    19
  Evoke: Wand              |       |       |       |     6 |       ||     6
    Use: Scroll            |     7 |     3 |     5 |     3 |     8 ||    26
         Potion            |       |     1 |     1 |       |     1 ||     3
   Stab: Sleeping          |       |       |     1 |     6 |     7 ||    14
         Distracted        |       |       |     1 |     3 |    10 ||    14
         Invisible         |       |       |       |     4 |       ||     4
 Armour: Skin              |    35 |    37 |    51 |    91 |   188 ||   402
  Dodge: Dodged            |    65 |   144 |   208 |   327 |   660 ||  1404
